 Dungeon Crawl Stone Soup version 0.24-a0-479-g9a978d2894 (webtiles) character file.

Game seed: 8209444210191399518

1296 ChocoEater the Digger (level 8, -1/42 HPs)
             Began as a Gargoyle Earth Elementalist on July 7, 2019.
             Was a Follower of Vehumet.
             Slain by an ice beast (10 damage)
             ... on level 6 of the Dungeon.
             The game lasted 00:12:29 (5866 turns).

ChocoEater the Digger (Gargoyle Earth Elementalist) Turns: 5866, Time: 00:12:32

Health: -1/42      AC:  7    Str: 12    XL:     8   Next: 56%
Magic:  8/16       EV: 12    Int: 18    God:    Vehumet [*.....]
Gold:   231        SH:  0    Dex: 10    Spells: 9/18 levels left

rFire    . . .     SeeInvis .   m - +0 mace (crush)
rCold    . . .     Gourm    .   (no shield)
rNeg     + . .     Faith    .   c - +0 robe
rPois    ∞         Spirit   .   (helmet restricted)
rElec    +         Reflect  .   f - scarf {cloud immunity}
rCorr    .         Harm     .   (no gloves)
MR       .....                  (no boots)
Stlth    ++........             i - amulet of magic regeneration
HPRegen  0.14/turn              t - ring of flight
MPRegen  0.40/turn              (no ring)

@: very slightly contaminated
A: horns 1, negative energy resistance 1, electricity resistance, wild magic 1,
unbreathing, petrification resistance, rot immunity, AC +5
a: Renounce Religion, Evoke Flight


You were on level 6 of the Dungeon.
You worshipped Vehumet.
Vehumet was aware of your devotion.
You were very hungry.

You visited 1 branch of the dungeon, and saw 6 of its levels.

You collected 231 gold pieces.

Inventory:

Hand Weapons
 a - a +0 short sword
 e - a +0 flail
 m - a +0 mace of crushing (weapon)
Missiles
 b - 112 stones (quivered)
Armour
 c - a +0 robe (worn)
 f - a scarf of cloud immunity (worn)
 h - a +0 cloak
Jewellery
 i - an amulet of magic regeneration (around neck)
 t - a ring of flight (left hand)
Wands
 g - a wand of polymorph (13)
 r - a wand of digging (3)
 s - a wand of acid (3)
Scrolls
 l - 2 scrolls of remove curse
 n - 2 scrolls of immolation
Potions
 j - a potion of heal wounds
 k - 2 potions of agility
 o - a potion of resistance
 p - a potion of curing {unknown}
 q - 2 potions of invisibility
 u - a potion of might {unknown}
Comestibles
 d - 13 rations


   Skills:
 + Level 0.8 Fighting
 + Level 0.7 Maces & Flails
 + Level 1.0 Armour
 + Level 1.8 Dodging
 - Level 2.1 Stealth
 + Level 5.5 Spellcasting
 + Level 5.7 Conjurations
   Level 0.7 Transmutations
 + Level 7.8 Earth Magic
 + Level 0.7 Evocations


You had 9 spell levels left.
You knew the following spells:

 Your Spells              Type           Power        Failure   Level  Hunger
a - Sandblast             Erth           #####.       1%          1    None
b - Stone Arrow           Conj/Erth      #####.       4%          3    ##.....
c - Lee's Rapid Deconstr  Erth           #####.....   21%         5    #####..

Your spell library contained the following spells:

 Spells                   Type           Power        Failure   Level  Hunger
 Shock                    Conj/Air       ###.         7%          1    None
 Magic Dart               Conj           ####         2%          1    None
 Searing Ray              Conj           ####..       3%          2    None
 Passwall                 Tmut/Erth      ####....     5%          2    None
 Dazzling Spray           Conj/Hex       ###...       17%         3    ##.....
 Iskenderun's Mystic Bla  Conj           ####....     17%         4    ####...
 Petrify                  Tmut/Erth      ####....     30%         4    ####...
 Force Lance              Conj/Tloc      ###.....     45%         4    ####...
 Fulminant Prism          Conj/Hex       ###.......   45%         4    ####...


Dungeon Overview and Level Annotations

Branches:
Dungeon (6/15)             Temple (0/1) D:5

Altars:
Gozag
Hepliaklqana
Vehumet
Yredelemnul
Zin


Innate Abilities, Weirdness & Mutations

You are resistant to torment.
Your stone body is resilient. (AC +5)
You are immune to poison.
You resist negative energy. (rN+)
You are resistant to electric shocks. (rElec)
You can survive without breathing.
You are immune to petrification.
You are immune to rotting.
You have a pair of small horns on your head.
Your spells are a little harder to cast, but a little more powerful.


Message History

Aiming: Sandblast (safe; 1% risk of failure)
Press: ? - help, Shift-Dir - straight line, f/p - ice beast
Aim: an ice beast (severely wounded)
You miscast Sandblast.
You are very lightly contaminated with residual magic.
Nothing appears to happen.
The ice beast closely misses you.
Okay, then.
Unknown command.
Casting: Sandblast (safe; 1% risk of failure)
Confirm with . or Enter, or press ? or * to list all spells.
Aiming: Sandblast (safe; 1% risk of failure)
Press: ? - help, Shift-Dir - straight line, f/p - ice beast
Aim: an ice beast (severely wounded)
The blast of sand hits the ice beast.
The ice beast is almost dead.
b - 112 stones The ice beast hits you.
* * * LOW HITPOINT WARNING * * *
The ice beast freezes you!
You die...

#.# ### ## #.#
.. >.. #.##.##.#
#.......#
#.......#
#.......#
#####.......##
#...((@)......
#.###)Y.......
#. #......... #.
#..#.##... #.
#..#......
#.#.###.........
.......<....#.#
#.#.#.......#.#
#.#...#.#


You could see an ice beast.

Vanquished Creatures
  Prince Ribbit (D:5)
  An orc warrior (D:6)
  A sky beast (D:5)
  2 ogres (D:5)
  A centaur (D:6)
  A howler monkey (D:5)
  A crimson imp (D:5)
  A hound (D:4)
  A bullfrog skeleton (D:5)
  5 orc priests
  5 orc wizards
  Ijyb (D:4)
  A howler monkey zombie (D:5)
  A howler monkey skeleton (D:6)
  5 adders
  4 gnolls
  An adder zombie (D:5)
  3 worms
  3 dart slugs
  2 leopard geckos (D:2)
  23 orcs
  5 giant cockroaches
  2 goblins
  10 hobgoblins
  6 jackals (D:5)
  6 kobolds
  A quokka (D:2)
  3 ball pythons
  6 bats
  7 frilled lizards
  A leopard gecko skeleton (D:4)
  4 rats
115 creatures vanquished.

Notes
Turn   | Place    | Note
-------+----------+-------------------------------------------
     0 | D:1      | ChocoEater the Gargoyle Earth Elementalist began the quest
                  | for the Orb.
     0 | D:1      | Reached XP level 1. HP: 10/10 MP: 3/3
   378 | D:1      | Reached skill level 4 in Earth Magic
   378 | D:1      | Reached XP level 2. HP: 15/15 MP: 3/5
  1075 | D:2      | Reached XP level 3. HP: 18/19 MP: 6/6
  1080 | D:2      | Learned a level 3 spell: Stone Arrow
  1084 | D:2      | Found a glowing silver altar of Zin.
  1441 | D:2      | Reached skill level 1 in Conjurations
  1495 | D:2      | Reached XP level 4. HP: 19/24 MP: 8/8
  2248 | D:3      | Found a hazy altar of Hepliaklqana.
  2272 | D:3      | Reached skill level 5 in Earth Magic
  2283 | D:3      | Gained mutation: Your spells are a little harder to cast,
                  | but a little more powerful. [potion of mutation]
  2283 | D:3      | Gained mutation: You have a pair of small horns on your
                  | head. [potion of mutation]
  2296 | D:3      | Reached XP level 5. HP: 7/28 MP: 4/9
  2623 | D:3      | HP: 1/28 [orc wizard/puff of flame (10)]
  3005 | D:3      | Learned a level 5 spell: Lee's Rapid Deconstruction
  3159 | D:3      | Reached XP level 6. HP: 29/32 MP: 7/11
  3740 | D:4      | Reached skill level 6 in Earth Magic
  4082 | D:4      | Noticed Ijyb
  4090 | D:4      | Killed Ijyb
  4092 | D:4      | Found a radiant altar of Vehumet.
  4100 | D:4      | Became a worshipper of Vehumet
  4450 | D:4      | Found an opulent altar of Gozag.
  4451 | D:4      | Found a basalt altar of Yredelemnul.
  4466 | D:5      | Entered Level 5 of the Dungeon
  4497 | D:5      | Reached XP level 7. HP: 27/36 MP: 13/13
  4687 | D:5      | Noticed Prince Ribbit
  5266 | D:5      | Reached skill level 5 in Spellcasting
  5266 | D:5      | Reached skill level 7 in Earth Magic
  5323 | D:5      | Found a staircase to the Ecumenical Temple.
  5472 | D:5      | Killed Prince Ribbit
  5472 | D:5      | Reached skill level 5 in Conjurations
  5472 | D:5      | Reached XP level 8. HP: 30/41 MP: 12/15
  5715 | D:5      | Reached * piety under Vehumet
  5715 | D:5      | Offered knowledge of Shock by Vehumet.
  5861 | D:6      | Reached skill level 1 in Armour
  5866 | D:6      | Slain by an ice beast

Levels and vault maps discovered:
D:1:      dpeg_arrival_circle_labyrinth_c, layout_loops_ring,
          minmay_misc_feat_doors, hangedman_decor_points
D:2:      layout_loops_corners, overflow_temple_1_default,
          grunt_decor_one_mirror
D:3:      layout_loops_cross, nicolae_overflow_crystal_walls
D:4:      layout_cave_pools, gammafunk_temple_overflow_statue,
          old_standard_altar, uniq_ijyb
D:5:      layout_gridville, minmay_temple_entry_from_below_a, first_ration,
          uniq_prince_ribbit1
D:6:      layout_basic, uniq_eustachio

Skill      XL: |  1  2  3  4  5  6  7  8 |
---------------+-------------------------+-----
Earth Magic    | 4 5 6 7 |  7.8
Conjurations   | 1 2 3 5 |  5.7
Spellcasting   | 3 4 5 |  5.5
Armour         | 1 |  1.0
Fighting       | |  0.8
Maces & Flails | |  0.7
Dodging        | |  1.8
Stealth        | |  2.1
Transmutations | |  0.7
Evocations     | |  0.7

Action                   |  1- 3 |  4- 6 |  7- 9 || total
-------------------------+-------+-------+-------++-------
Melee: Short sword       |    83 |    72 |       ||   155
       Mace              |       |    83 |    80 ||   163
       Headbutt          |       |    12 |    12 ||    24
 Cast: Sandblast         |    10 |    47 |    34 ||    91
       Stone Arrow       |       |     8 |     4 ||    12
       Lee's Rapid Decon |       |       |     3 ||     3
Evoke: Wand              |       |     3 |       ||     3
  Use: Scroll            |     4 |     3 |     4 ||    11
       Potion            |       |     5 |       ||     5
 Stab: Sleeping          |     7 |     5 |     2 ||    14
  Eat: Chunk             |     2 |    10 |     5 ||    17
Armor: Robe              |    26 |    55 |    62 ||   143
       Skin              |       |     5 |       ||     5
Dodge: Dodged            |    71 |   147 |   104 ||   322

Table legend:
 A = Non-vault XP
 B = Vault XP
 C = Vault XP percentage of total XP
 D = Non-vault monster count
 E = Vault monster count
 F = Vault count percentage of total count
                 A         B        C        D         E       F
            +---------+---------+-------+---------+---------+-------
      Total |    1552 |     300 |  16.2 |     113 |       2 |   1.7
            +---------+---------+-------+---------+---------+-------
        D:1 |      29 |       0 |   0.0 |      12 |       0 |   0.0
        D:2 |      77 |       0 |   0.0 |      27 |       0 |   0.0
        D:3 |     238 |       0 |   0.0 |      29 |       0 |   0.0
        D:4 |     231 |      36 |  13.5 |      12 |       1 |   7.7
        D:5 |     709 |     264 |  27.1 |      27 |       1 |   3.6
        D:6 |     268 |       0 |   0.0 |       6 |       0 |   0.0
            +---------+---------+-------+---------+---------+-------
